 Dungeon Crawl Stone Soup version 0.24.0-13-gcf9b319 (webtiles) character file.

Game seed: 2279703669267965999, levelgen mode: deterministic

98 Fang the Skirmisher (level 4, -1/43 HPs)
             Began as a Gargoyle Berserker on Nov 13, 2019.
             Was a Believer of Trog.
             Slain by an ogre
             ... wielding a +0 giant club
              (5 damage)
             ... on level 3 of the Dungeon.
             The game lasted 00:02:07 (826 turns).

Fang the Skirmisher (Gargoyle Berserker)             Turns: 826, Time: 00:02:08

Health: -1/43      AC:  5    Str: 26    XL:     4   Next: 69%
Magic:  4/4        EV: 12    Int:  8    God:    Trog [**....]
Gold:   12         SH:  0    Dex:  9    Spells: 3/3 levels left

rFire    . . .     SeeInvis .   a - +0 hand axe
rCold    . . .     Gourm    .   (no shield)
rNeg     + . .     Faith    .   b - +0 animal skin
rPois    ∞         Spirit   .   (no helmet)
rElec    +         Reflect  .   (no cloak)
rCorr    .         Harm     .   (no gloves)
MR       .....                  (no boots)
Stlth    ..........             (no amulet)
HPRegen  0.14/turn              (no ring)
MPRegen  0.09/turn              (no ring)

@: berserking, very quick
A: negative energy resistance 1, electricity resistance, unbreathing,
petrification resistance, rot immunity, AC +3
a: Berserk, Trog's Hand, Renounce Religion


You were on level 3 of the Dungeon.
You worshipped Trog.
Trog was pleased with you.
You were very hungry.

You visited 1 branch of the dungeon, and saw 3 of its levels.

You collected 12 gold pieces.

Inventory:

Hand Weapons
 a - a +0 hand axe (weapon)
Armour
 b - a +0 animal skin (worn)
Jewellery
 f - an uncursed ring of resist corrosion
Scrolls
 h - a scroll of immolation {unknown}
 i - a scroll of identify {unknown}
 k - a scroll of random uselessness {unknown}
Potions
 e - a potion of agility {unknown}
 g - a potion of cancellation {unknown}
 j - a potion of haste {unknown}
Comestibles
 c - 3 rations
 d - 6 chunks of flesh


   Skills:
 + Level 4.0 Fighting
 + Level 3.3 Axes
 + Level 3.2 Armour
 + Level 2.3 Dodging


You had 3 spell levels left.
You didn't know any spells.
Your spell library was empty.

Dungeon Overview and Level Annotations

Branches:
Dungeon (3/15)

Altars:
Elyvilon


Innate Abilities, Weirdness & Mutations

You are resistant to torment.
Your stone body is resilient. (AC +3)
You are immune to poison.
You resist negative energy. (rN+)
You are resistant to electric shocks. (rElec)
You can survive without breathing.
You are immune to petrification.
You are immune to rotting.


Message History

You are too injured to fight recklessly!
You are too injured to fight recklessly!
You are too injured to fight recklessly!
You are too injured to fight recklessly!
You are too injured to fight recklessly!
You are too injured to fight recklessly!
You are too injured to fight recklessly!
You are too injured to fight recklessly!
You are too injured to fight recklessly!
A red film seems to cover your vision as you go berserk!
You feel yourself moving faster!
You feel mighty!
You are feeling very hungry.
The bat misses you.
You barely miss the ogre.
The ogre is heavily wounded.
You slash the bat!
You kill the bat!
Trog accepts your kill. The ogre hits you with a +0 giant club.
You die...

.... ..## ..#
.... ..# ...$.
..# .....
###>#
.r....#.#.#
......#.#.####
......O)#<...#
### #@#..###
#....#.#..#
#.....#
#.....#
....#####
#####


You could see an ogre and a rat.

Vanquished Creatures
  4 gnolls (D:2)
  4 adders (D:2)
  A dart slug (D:2)
  A giant cockroach (D:2)
  2 hobgoblins
  2 quokkas (D:2)
  A ball python (D:2)
  3 bats
  A frilled lizard (D:2)
  6 kobolds (D:2)
  3 rats (D:2)
28 creatures vanquished.

Vanquished Creatures (others)
  A quokka (D:2)
1 creature vanquished.

Grand Total: 29 creatures vanquished

Notes
Turn   | Place    | Note
-------+----------+-------------------------------------------
     0 | D:1      | Fang the Gargoyle Berserker began the quest for the Orb.
     0 | D:1      | Reached XP level 1. HP: 14/14 MP: 1/1
    22 | D:1      | You fall into a shaft and drop 1 floor!
    86 | D:2      | Found a white marble altar of Elyvilon.
   117 | D:2      | Reached XP level 2. HP: 15/19 MP: 2/2
   174 | D:2      | Reached XP level 3. HP: 24/24 MP: 3/3
   188 | D:2      | Reached XP level 4. HP: 17/29 MP: 4/4
   587 | D:2      | Reached skill level 4 in Fighting
   599 | D:2      | Reached ** piety under Trog
   820 | D:3      | Noticed an ogre
   826 | D:3      | Slain by an ogre

Levels and vault maps discovered:
D:1:      evilmike_arrival_fibonacci_small, layout_basic
D:2:      layout_loops_ring, elyvilon_altar_4
D:3:      layout_basic, first_ration, hex_large

Skill      XL: |  1  2  3  4 |
---------------+-------------+-----
Axes           | 3 |  3.3
Dodging        | 2 |  2.3
Armour         | 3 |  3.2
Fighting       | 4 |  4.0

Action                   |  1- 3 |  4- 6 || total
-------------------------+-------+-------++-------
Melee: Hand axe          |    31 |    48 ||    79
Invok: Berserk           |     2 |     1 ||     3
  Eat: Chunk             |       |     1 ||     1
Armor: Animal skin       |    12 |    18 ||    30
Dodge: Dodged            |    30 |    33 ||    63
